 Dungeon Crawl Stone Soup version 0.26-a0-980-g0fe3eaa9ac (webtiles) character file.

Game seed: 13868557976936691392

626 sahdkjhfkaj the Cutter (level 7, 0/42 HPs)
             Began as a Kobold Brigand on Dec 5, 2020.
             Slain by a phantom (5 damage)
             ... on level 4 of the Dungeon.
             The game lasted 00:11:42 (6332 turns).

sahdkjhfkaj the Cutter (Kobold Brigand)             Turns: 6332, Time: 00:11:43

Health: 0/42       AC:  6    Str: 10    XL:     7   Next: 76%
Magic:  7/7        EV: 13    Int: 13    God:
Gold:   233        SH:  9    Dex: 16    Spells: 6/6 levels left

rFire    . . .     SeeInvis .   a - +3 dagger
rCold    . . .     Faith    .   w - +2 kite shield
rNeg     . . .     Spirit   .   x - +2 leather armour {MR+}
rPois    .         Reflect  .   (no helmet)
rElec    .         Harm     .   c - +0 cloak
rCorr    +         Rampage  .   (no gloves)
MR       +....                  (no boots)
Stlth    ++++......             (no amulet)
HPRegen  0.14/turn              h - ring of resist corrosion
MPRegen  0.10/turn              (no ring)

@: no status effects
A: small, nightstalker 3
a: no special abilities


You were on level 4 of the Dungeon.
You visited 1 branch of the dungeon, and saw 5 of its levels.

You collected 233 gold pieces.

Inventory:

Hand Weapons
 a - a +3 dagger (weapon)
Missiles
 d - 29 poisoned darts (quivered)
 e - 2 curare-tipped darts {!f}
Armour
 c - a +0 cloak (worn)
 w - a +2 kite shield (worn)
   (You found it on level 4 of the Dungeon)
 x - a +2 leather armour of magic resistance (worn)
   (You took it off Eustachio on level 4 of the Dungeon)
Jewellery
 h - a ring of resist corrosion (left hand)
   (You found it on level 1 of the Dungeon)
 v - a cursed ring of teleportation {unknown}
   (You found it on level 3 of the Dungeon)
Wands
 l - a wand of enslavement (8)
   (You found it on level 2 of the Dungeon)
Scrolls
 b - 2 scrolls of enchant weapon
 f - 4 scrolls of fog
 g - a scroll of enchant armour
 j - a scroll of magic mapping
 n - 3 scrolls of teleportation {@r4}
 p - a scroll of remove curse {@r2}
 s - a scroll of fear {unknown}
Potions
 m - 3 potions of curing {unknown}
 o - 2 potions of berserk rage
 q - a potion of lignification {unknown}
 r - a potion of degeneration {unknown}
 u - a potion of heal wounds {@q2}


   Skills:
 + Level 3.7 Fighting
 - Level 7.0 Short Blades
 - Level 3.0 Throwing
 - Level 2.0 Armour
 - Level 4.0 Dodging
 - Level 6.0 Stealth
 - Level 1.0 Shields
 - Level 1.0 Evocations


You had 6 spell levels left.
You didn't know any spells.
Your spell library was empty.

Dungeon Overview and Level Annotations

Branches:
Dungeon (5/15)
 Temple: D:4-7

Altars:
Elyvilon
Qazlal
Yredelemnul

Shops:
D:5 [

Annotations:
D:5 Prince Ribbit


Innate Abilities, Weirdness & Mutations

You are small and have problems with some larger weapons.
You are completely attuned to the shadows.


Message History

You climb upwards.
There is a stone staircase leading down here.
You can't go up here!
You start resting.
You climb downwards.
You hear the sound of rushing water.
There is an entrance to a sewer on this level.
Hurry and find it before the portal rusts away!
Level annotation: Prince Ribbit You hear the rapid rusting of a very distant drain.
The phantom hits you.
There is a stone staircase leading up, spattered with blood here.
You hit the phantom. You block the phantom's attack.
You closely miss the phantom. The phantom closely misses you.
You hit the phantom but do no damage. You barely miss the phantom.
The phantom hits you but does no damage.
You barely miss the phantom.
The phantom hits you but does no damage.
You hit the phantom. The phantom hits you.
You closely miss the phantom. You barely miss the phantom.
The phantom hits you.
You barely miss the phantom. The phantom hits you!
* * * LOW HITPOINT WARNING * * *
You hit the phantom.
Unknown command.
You barely miss the phantom. You block the phantom's attack.
You miss the phantom. You block the phantom's attack.
You completely miss the phantom. You closely miss the phantom.
The phantom hits you.
* * * LOW HITPOINT WARNING * * *
Your shield prevents you from hitting the phantom.
The phantom barely misses you.
The phantom hits you but does no damage.
You climb upwards.
There is a stone staircase leading down here.
Unknown command.
Unknown command.
Unknown command.
The phantom hits you.
* * * LOW HITPOINT WARNING * * *
You barely miss the phantom. The phantom hits you!
* * * LOW HITPOINT WARNING * * *
You see here 20 stones.
The phantom blinks!
The phantom blinks!
You hit the phantom.
Your shield and leather armour prevent you from hitting the phantom.
The phantom blinks!
The phantom hits you.
You die...

#..# #.# #..# #...
#..# #.# #..# #...
#..# #.# ##.# ##..
#####..# #.# #.# ##.
#......# #.# #.# ##
#.###.#######.# #.# #
#.#...........# #.# #
#.#..##############.#
# #.#..# #.W@.ยง...#
#
#.#..#######(######.#
# #........>...# #.#
# ###..######### #.#
# #..###########
#.##########
#............#
#..........#
#...#.######.#
##########.# ####.##
#.# #.# #.# #)# #.#


You could see a phantom.

Vanquished Creatures
  Eustachio (D:4)
  A scorpion (D:5)
  A hound (D:5)
  An orc priest (D:4)
  3 iguanas
  An orc wizard (D:3)
  3 worker ants (D:4)
  A hound skeleton (D:4)
  8 adders
  6 worms
  A dart slug (D:1)
  3 leopard geckos
  10 orcs
  2 ball pythons (D:1)
  13 bats
  5 giant cockroaches
  13 goblins
  11 hobgoblins
  2 jackals (D:1)
  2 quokkas
  3 frilled lizards
  3 kobolds
  13 rats
  A spectral orc (D:3)
108 creatures vanquished.

Notes
Turn   | Place    | Note
-------+----------+-------------------------------------------
     0 | D:1      | sahdkjhfkaj the Kobold Brigand began the quest for the Orb.
     0 | D:1      | Reached XP level 1. HP: 12/12 MP: 1/1
    19 | D:1      | Reached skill level 3 in Short Blades
   119 | D:1      | Reached XP level 2. HP: 17/17 MP: 2/2
   344 | D:1      | Reached skill level 4 in Short Blades
   344 | D:1      | Reached XP level 3. HP: 21/21 MP: 3/3
   588 | D:1      | Reached skill level 1 in Armour
   910 | D:1      | HP: 1/22 [poisoned by an adder]
  1221 | D:2      | Reached XP level 4. HP: 24/27 MP: 4/4
  1882 | D:2      | Found a faded altar of an unknown god.
  2315 | D:2      | Reached skill level 5 in Short Blades
  2345 | D:2      | Reached XP level 5. HP: 27/32 MP: 5/5
  2884 | D:3      | Found a basalt altar of Yredelemnul.
  3414 | D:3      | Found a white marble altar of Elyvilon.
  3414 | D:3      | Found a stormy altar of Qazlal.
  3975 | D:4      | Reached XP level 6. HP: 37/37 MP: 6/6
  4011 | D:4      | Reached skill level 1 in Shields
  4414 | D:4      | Noticed Eustachio
  4418 | D:4      | Killed Eustachio
  4419 | D:4      | Reached skill level 6 in Short Blades
  4419 | D:4      | Reached skill level 1 in Evocations
  4419 | D:4      | Reached XP level 7. HP: 41/41 MP: 7/7
  4917 | D:4      | Reached skill level 7 in Short Blades
  5730 | D:5      | Entered Level 5 of the Dungeon
  5854 | D:5      | Found Duckohomn's Armour Boutique.
  5867 | D:5      | Noticed Prince Ribbit
  6332 | D:4      | Slain by a phantom

Illustrated notes

Levels and vault maps discovered:
D:1:      eino_arrival_tree_alley, layout_basic, minmay_misc_feat_alley,
          minmay_misc_feat_enclosed, minmay_misc_feat_plants
D:2:      layout_loops_corners, chequers_ecumenical_altar_simple
D:3:      layout_loops_ring, yredelemnul_forgotten_temple_becter,
          gammafunk_temple_overflow_wave
D:4:      layout_loops_ring, uniq_eustachio
D:5:      layout_loops_corners, minitemple, serial_shops, shop,
          cheibrodos_sewer_entry_sluice, uniq_prince_ribbit1, uniq_sigmund,
          uniq_duvessa

Skill      XL: |  1  2  3  4  5  6  7 |
---------------+----------------------+-----
Short Blades   | 3 4 5 6 7 |  7.0
Dodging        | 2 3 4 |  4.0
Armour         | 1 2 |  2.0
Fighting       | 3 |  3.7
Throwing       | 3 |  3.0
Stealth        | 6 |  6.0
Shields        | 1 |  1.0
Evocations     | 1 |  1.0

Action                   |  1- 3 |  4- 6 |  7- 9 || total
-------------------------+-------+-------+-------++-------
Melee: Dagger            |    73 |   177 |   145 ||   395
Throw: Dart              |     8 |    11 |       ||    19
  Use: Scroll            |       |     3 |     5 ||     8
       Potion            |       |     2 |       ||     2
 Stab: Sleeping          |    20 |    24 |     8 ||    52
       Distracted        |       |     1 |     1 ||     2
Armor: Robe              |     6 |       |       ||     6
       Ring mail         |    14 |    36 |       ||    50
       Leather armour    |       |       |    18 ||    18
Dodge: Dodged            |    41 |    72 |    26 ||   139
Block: Kite shield       |       |       |    55 ||    55

Table legend: (Time is in decaauts)
 A = Elapsed time spent in this place.
 B = Non-inter-level travel time spent in this place.
 C = Inter-level travel time spent in this place.
 D = Time resting spent in this place.
 E = Time spent auto-exploring this place.
 F = Levels seen in this place.
 G = Mean time per level.
                   A        B        C        D        E       F      G
               +--------+--------+--------+--------+--------+-----+--------+
         Total |   6246 |   6108 |    138 |    878 |   4267 |   5 | 1249.2 |
       Dungeon |   6246 |   6108 |    138 |    878 |   4267 |   5 | 1249.2 |
               +--------+--------+--------+--------+--------+-----+--------+

Top non-repeatable levels by time:
     D:4: 2081 daAuts
     D:2: 1440 daAuts
     D:3: 1291 daAuts
     D:1: 1187 daAuts
     D:5: 245 daAuts
